[Event "FIDE WCCC U10 2018"]
[Site "Santiago de Compostela"]
[Date "2018.11.12"]
[Round "8"]
[White "Wilson, Ronen"]
[Black "Bialiauski, Artsiom"]
[Result "1/2-1/2"]
[ECO "C45"]
[WhiteElo "1761"]
[BlackElo "1791"]
[Annotator "NA RC"]
[PlyCount "111"]
[EventDate "2018.11.04"]
[EventType "swiss"]
[EventCountry "ESP"]
[SourceTitle "playchess.com"]
[Source "ChessBase"]
[SourceQuality "1"]
[TimeControl "40/5400+30:1800+30"]

1. e4 e5 2. Nf3 Nc6 3. d4 exd4 4. Nxd4 Nf6 5. Nxc6 bxc6 6. e5 Qe7 7. Qe2 Nd5 8. c4 Ba6 9. g3 g6 10. b3 Bg7 11. Bb2 O-O 12. Bg2 Rfe8 13. O-O Bxe5 14. Qxe5 Qxe5 15. Bxe5 Rxe5 16. cxd5 Bxf1 17. Kxf1 cxd5 18. f4 Re3 19. Bxd5 Rae8 20. Nd2 Re2 21. Nf3 c6 22. Bc4 Rb2 23. Kg1 d5 24. Bf1 Re3 25. Ne5 Rc3 26. g4 f6 27. Nd7 Kf7 28. g5 fxg5 29. fxg5 Re3 30. Nf6 Re5 31. h4 Kg7 32. Rc1 h6 33. Ng4 Re6 34. Nxh6 Re4 35. Rxc6 Rxh4 36. Bd3 Rh3 37. Rc7+ Kf8 38. Rf7+ Ke8 39. Bb5+ Kd8 40. Rd7+ Kc8 41. Rxd5 Rg3+ 42. Kf1 Rxa2 43. Bc4 Rh3 44. Rc5+ Kd7 45. Kg1 Rg3+ 46. Kf1 Rh3 47. Kg1 Rg3+ 48. Kf1 Rh3 49. Bd5 Rd3 50. Bc6+ Kd6 51. Rc1 Rxb3 52. Nf7+ Ke6 53. Re1+ Kxf7 54. Bd5+ Kf8 55. Bxb3 Ra5 56. Rc1 1/2-1/2

[Event "FIDE WCCC U10 2018"]
[Site "Santiago de Compostela"]
[Date "2018.11.12"]
[Round "8"]
[White "Silva, Daniel Frederico V"]
[Black "Royal, Shreyas"]
[Result "1/2-1/2"]
[ECO "B40"]
[WhiteElo "1693"]
[BlackElo "2048"]
[Annotator "NA RC"]
[PlyCount "74"]
[EventDate "2018.11.04"]
[EventType "swiss"]
[EventCountry "ESP"]
[SourceTitle "playchess.com"]
[Source "ChessBase"]
[SourceQuality "1"]
[TimeControl "40/5400+30:1800+30"]

1. e4 c5 2. Nf3 e6 3. Nc3 a6 4. a4 d6 5. Bc4 Nf6 6. d4 cxd4 7. Nxd4 b6 {[%emt 0:01:13] LiveBook: 10 Games B86: Sizilianisch (Sosin-Angriff)} (7... Be7 8. O-O Nc6 9. Be3 O-O 10. Qe2 Bd7 11. Nxc6 Bxc6 12. a5 Rc8 13. Rfd1 Qc7 14. Bb6 Qb8 15. Bb3 Rfe8 16. Rd3 Nd7 17. Bd4 Bf6 18. Qd2 Bxd4 19. Rxd4 {1-0 (33) Sasikiran,K (2666)-Nguyen,A (2454) Hamedan 2018}) 8. O-O Bb7 {[%emt 0:02:06] [#]} (8... Qc7 $11 9. Bb3 Nbd7) 9. Re1 ({Better is} 9. Bxe6 $1 $16 fxe6 10. Nxe6) 9... Nbd7 10. Bg5 Be7 $2 {[%emt 0:02:15] [#]} (10... h6 $14 11. Be3 Qc7 12. Bxe6 fxe6 13. Nxe6 Qc6) 11. Bxe6 $1 fxe6 12. Nxe6 Qb8 $146 ({Vorgänger:} 12... Qc8 {was worth a try.} 13. Nxg7+ Kf8 14. Nf5 Rg8 15. Nxd6 Bxd6 16. Qxd6+ Kf7 17. Bxf6 Nxf6 18. Nd5 {1-0 (18) Hiermann,D (2280)-Zojer,S (2043) Lienz 2011}) 13. Nxg7+ Kf8 14. Nf5 Rg8 15. Bh6+ Ke8 $2 (15... Kf7 {ist eine bessere Verteidigung.} 16. Nd5 Bf8) 16. Nd5 Bf8 17. Nxf6+ Nxf6 18. Bxf8 Kxf8 19. Qxd6+ (19. Ra3 $18) 19... Qxd6 20. Nxd6 Bc6 21. f3 Rd8 22. Nc4 Rd4 23. b3 ({Resist} 23. Nxb6 $6 Rb4 $11) 23... b5 {[%emt 0:00:54] [#]} 24. axb5 $1 Bxb5 {[%emt 0:00:09] [#]} 25. Ne3 $1 Rd7 $2 (25... Nd7 $16 {was called for.} 26. c4 Ne5) 26. c4 Bc6 27. Rxa6 Rc7 28. Nd5 Nxd5 29. exd5 ({Keinesfalls} 29. cxd5 Bb7 $18) 29... Bb7 30. Rf6+ Kg7 31. Rfe6 Rf7 32. Re7 Bc8 33. Rxf7+ Kxf7 34. Kf2 Bf5 35. Re2 Rb8 $18 36. Rb2 Bd3 37. c5 Bf5 1/2-1/2

[Event "FIDE WCCC U10 2018"]
[Site "Santiago de Compostela"]
[Date "2018.11.12"]
[Round "8"]
[White "Li, Shanglin"]
[Black "Xue, Haowen"]
[Result "1/2-1/2"]
[ECO "B26"]
[WhiteElo "1659"]
[BlackElo "2025"]
[Annotator "NA RC"]
[PlyCount "113"]
[EventDate "2018.11.04"]
[EventType "swiss"]
[EventCountry "ESP"]
[SourceTitle "playchess.com"]
[Source "ChessBase"]
[SourceQuality "1"]
[TimeControl "40/5400+30:1800+30"]

1. e4 c5 2. Nc3 Nc6 3. g3 g6 4. Bg2 Bg7 5. d3 d6 6. Be3 Nf6 7. h3 Rb8 8. Nge2 O-O 9. d4 {[%emt 0:06:13] B26: Closed Sicilian: 3 g3, lines with early Be3} (9. Qd2 b5 10. O-O Ne8 11. Bh6 Bxh6 12. Qxh6 b4 13. Nb1 Nd4 14. Nxd4 cxd4 15. Nd2 Rb5 16. Nf3 Rh5 {1-0 (35) Movsesian,S (2667)-Sadzikowski,D (2587) Czech Republic 2018}) 9... cxd4 {[%emt 0:01:18] LiveBook: 4 Games} 10. Nxd4 Bd7 11. O-O Qc7 $146 ({Predecessor:} 11... Na5 12. a4 a6 13. Qd3 Qc8 14. Kh2 Nc4 15. Bc1 Ne5 16. Qd1 b5 17. axb5 axb5 {0-1 (76) Congiu,M (2241)-Pert,N (2548) England 2018}) 12. Qe2 Rfc8 13. Rfd1 a6 14. Rac1 Ne5 15. Bg5 e6 16. Nb1 h6 17. Be3 Nc4 18. c3 b5 19. b3 Nxe3 20. Qxe3 Qb6 21. Rd3 Rc7 22. Rcd1 Rbc8 23. Nc2 Qxe3 24. Nxe3 Ne8 25. c4 Kf8 26. Na3 Ke7 27. Kh2 b4 28. Nac2 a5 29. f4 g5 30. Bf3 Bc6 31. Re1 Kf8 32. Bh1 Rd7 33. Red1 Rcd8 34. Nd4 $1 Ba8 (34... Bxd4 $11 {remains equal.} 35. Rxd4 e5 36. fxe5 dxe5 37. Rxd7 Rxd7) 35. Nb5 ({Weiss braucht} 35. e5 $1 $16) 35... Ke7 36. Bg2 Bc6 37. Nd4 Bxd4 38. Rxd4 Nc7 39. Ng4 h5 {[%emt 0:00:21] [#]} 40. Ne3 $2 (40. e5 $1 $16 Bxg2 41. Nf6) 40... gxf4 41. gxf4 Na6 42. Re1 Kf8 43. Red1 Nc5 44. Bf3 {[%emt 0:14:43] [#]} (44. h4 $15) 44... f5 $1 45. Bxh5 Bxe4 ({Less strong is} 45... Nxe4 46. Bf3 $15) 46. R4d2 Rh7 47. Be2 Ke7 48. Bf1 Bf3 49. Be2 Bxe2 (49... Bc6 $19 50. Rd4 Rdh8) 50. Rxe2 Ne4 51. Rd3 Rdh8 52. Nf1 Nc3 53. Rg2 e5 54. Rg6 (54. fxe5 $142 dxe5 55. Rg6) 54... Nxa2 $11 (54... exf4 $19 55. Kg2 Ne4) 55. Rdxd6 Rxh3+ 56. Kg2 exf4 57. Rge6+ 1/2-1/2

[Event "FIDE WCCC U10 2018"]
[Site "Santiago de Compostela"]
[Date "2018.11.12"]
[Round "8"]
[White "Horcajuelo Rocamora, Martin"]
[Black "Materia, Marco"]
[Result "1/2-1/2"]
[ECO "C68"]
[WhiteElo "1647"]
[BlackElo "2035"]
[Annotator "NA RC"]
[PlyCount "124"]
[EventDate "2018.11.04"]
[EventType "swiss"]
[EventCountry "ESP"]
[SourceTitle "playchess.com"]
[Source "ChessBase"]
[SourceQuality "1"]
[TimeControl "40/5400+30:1800+30"]

1. e4 e5 2. Nf3 Nc6 3. Bb5 a6 4. Bxc6 dxc6 5. O-O Bg4 6. h3 h5 7. d3 Qf6 8. Nbd2 ({Viel schlechter ist} 8. hxg4 hxg4 9. Be3 (9. Bg5 $2 Qg6 $19) 9... gxf3 $11) 8... g5 9. Nc4 {[%emt 0:00:49] C68: Ruy Lopez: Exchange Variation, sidelines} Bxf3 10. Qxf3 Qxf3 11. gxf3 f6 12. Be3 {[%emt 0:01:16] LiveBook: 4 Games} (12. Rd1 Ne7 13. Ne3 {½-½ (13) Solak,D (2635)-Sethuraman,S (2640) Kragujevac 2016}) 12... O-O-O 13. Rfd1 (13. h4 $5) 13... Rh7 14. c3 $146 (14. h4 $5) ({Predecessor:} 14. Kf1 h4 15. c3 c5 16. a3 Rhd7 {1-0 (51) Kovachev,D (2297)-Vestby Ellingsen,M (1961) Oslo 2016}) 14... Rhd7 15. d4 (15. h4 $11 {keeps the balance.}) 15... c5 $2 (15... Bc5 $1 $17 16. d5 Bf8) 16. d5 b6 17. Rd2 (17. h4 $14) 17... Bd6 18. Rad1 Ne7 19. Kf1 Ng6 20. Ke2 (20. b4 $14) 20... Kb7 21. Rd3 Rg8 22. Rg1 Rdg7 23. Rdd1 Kc8 24. Rg2 Kd7 25. Rgg1 Ke7 26. Rg2 a5 27. a4 Nf8 28. Rdg1 Ng6 29. Rd1 Ra8 30. Ra1 Rgg8 31. Rgg1 Rgb8 32. Na3 Kf7 33. c4 Rg8 34. b3 Kg7 35. Nb5 Kh6 36. Nc3 Rg7 37. Nb1 Rag8 38. Na3 Nh4 39. Nc2 f5 40. Rh1 Rf7 41. Rag1 Be7 42. Ne1 f4 43. Bd2 Kg6 44. Ng2 Nxg2 45. Rxg2 Kh6 46. h4 Rfg7 47. hxg5+ Bxg5 48. Rhg1 ({White should play} 48. Rgh2 $1 $14) 48... Rg6 49. Bc3 Re8 50. Bd2 Re7 51. Bc3 Rgg7 52. Bd2 Rd7 53. Bc3 Bf6 54. Rxg7 Bxg7 55. Rg2 h4 56. Rg4 Kh5 57. Kf1 Bf6 (57... Rf7 $11 {hält das Gleichgewicht.}) 58. Kg2 Rg7 59. Kh3 Rg5 60. Rxh4+ Kg6 61. Rg4 Kh5 $2 {[%emt 0:00:15] [#]} (61... Kh6 $16 {keeps fighting.} 62. Kh2 Rh5+ 63. Kg1 Bg7) 62. Rxg5+ $16 (62. Rxf4 $1 $18 {and the rest is easy.} exf4 63. Bxf6) 62... Kxg5 1/2-1/2

[Event "FIDE WCCC U10 2018"]
[Site "Santiago de Compostela"]
[Date "2018.11.12"]
[Round "8"]
[White "Li Yihao"]
[Black "Habans Aguerrea, Javier"]
[Result "1-0"]
[ECO "B33"]
[WhiteElo "1601"]
[BlackElo "1892"]
[Annotator "NA RC"]
[PlyCount "143"]
[EventDate "2018.11.04"]
[EventType "swiss"]
[EventCountry "ESP"]
[SourceTitle "playchess.com"]
[Source "ChessBase"]
[SourceQuality "1"]
[TimeControl "40/5400+30:1800+30"]

1. e4 c5 2. Nf3 Nc6 3. d4 cxd4 4. Nxd4 Nf6 5. Nc3 e6 6. Ndb5 d6 7. Bf4 e5 $1 8. Bg5 a6 9. Na3 Be6 10. Nc4 {[%emt 0:09:02] B33: Sicilian: Pelikan and Sveshnikov Variations} Rb8 11. Nd5 Bxd5 12. exd5 Ne7 13. Bxf6 gxf6 {[%emt 0:00:08] LiveBook: 4 Games [#]} 14. Ne3 $146 ({Predecessor (2):} 14. a4 f5 15. a5 Bg7 16. g4 f4 17. Bg2 Rc8 {1-0 (35) Kryvoruchko,Y (2693)-Iturrizaga Bonelli,E (2650) Monzon 2016}) 14... f5 15. c3 Bg7 (15... f4 $5 16. Nc2 Qb6 $11) 16. g4 fxg4 (16... f4 $11 17. Nc4 b5) 17. Qxg4 Ng6 18. Nf5 Qf6 19. Qa4+ Kf8 20. Bd3 Ne7 21. Nxg7 Kxg7 22. Qe4 Qf4 ({Black should play} 22... Qh6 $11) 23. Qxf4 exf4 24. O-O-O Rbe8 25. Rhg1+ Kf8 (25... Ng6 $11) 26. h4 Ng6 27. h5 Ne5 28. Bf5 h6 29. Rg2 Rg8 (29... Ke7 $15) 30. Rxg8+ Kxg8 31. Rd4 f3 32. Kd2 Kg7 33. Rf4 b5 34. b3 Re7 35. Be4 Kf8 36. Ke3 Kg7 37. Kd4 Nd7 38. Bxf3 Re5 39. Re4 f6 40. Be2 Nc5 41. Rxe5 fxe5+ 42. Ke3 Kf6 {[%emt 0:00:35] [#]} 43. b4 $1 Na4 44. c4 Nb6 (44... Nc3 $1 $11) 45. cxb5 Nxd5+ 46. Kd2 (46. Kf3 $16 axb5 47. Bxb5) 46... axb5 47. Bxb5 Nxb4 48. a4 Ke7 49. a5 Kd8 50. Kc3 Nd5+ 51. Kc4 Nf6 $2 {[%emt 0:00:27] [#]} (51... Nc7 $11) 52. Bc6 $1 Kc7 {[%emt 0:00:46] [#]} 53. Kb5 $1 Nd7 54. Bxd7 Kxd7 55. a6 Kc7 {[%emt 0:00:12] [#]} 56. a7 $1 Kb7 {[%emt 0:00:09] [#]} 57. a8=Q+ $1 Kxa8 58. Kc6 Kb8 59. Kxd6 e4 60. Ke5 Kc7 61. Kxe4 Kd6 62. Kf5 Ke7 63. Kg6 Ke6 64. f4 Ke7 65. Kg7 Ke6 66. Kg6 Ke7 67. f5 Kf8 68. Kf6 Kg8 69. Ke7 Kg7 70. f6+ Kh8 71. f7 Kh7 72. Kf6 1-0

[Event "FIDE WCCC U10 2018"]
[Site "Santiago de Compostela"]
[Date "2018.11.12"]
[Round "8"]
[White "Hardaway, Brewington"]
[Black "Cherniaiev, Tykhon"]
[Result "0-1"]
[ECO "B21"]
[WhiteElo "1533"]
[BlackElo "1940"]
[Annotator "NA RC"]
[PlyCount "118"]
[EventDate "2018.11.04"]
[EventType "swiss"]
[EventCountry "ESP"]
[SourceTitle "playchess.com"]
[Source "ChessBase"]
[SourceQuality "1"]
[TimeControl "40/5400+30:1800+30"]

1. e4 c5 2. d4 cxd4 3. c3 e6 4. cxd4 d6 5. Nc3 {[%emt 0:03:32] B22: Sicilian: 2 c3} (5. Nf3 Nf6 6. Nc3 Be7 7. Bd3 O-O 8. O-O Nc6 9. a3 Bd7 10. h3 Rc8 11. Be3 a6 12. Rc1 Na5 13. Qe2 b5 14. e5 dxe5 15. dxe5 Nd5 16. Nxd5 exd5 17. Rfd1 Rxc1 18. Bxc1 {1-0 (53) Rowies,A (2356)-Da Maia,V (2467) ICCF email 2009}) 5... a6 6. Nf3 Nd7 7. Bf4 b5 $146 ({Predecessor:} 7... b6 8. Be2 Bb7 9. O-O h6 10. h3 Ngf6 11. e5 dxe5 12. dxe5 Nd5 13. Nxd5 Bxd5 {0-1 (52) Bloh,F (1295)-Hauser,C (1653) Hamburg 2017}) 8. a3 Be7 9. Bd3 Bb7 10. h3 Ngf6 11. O-O O-O 12. Qe2 Re8 13. Rad1 Rc8 14. Bb1 Nf8 15. Rfe1 Ng6 16. Bh2 Qb6 17. e5 dxe5 18. dxe5 Nd5 19. Ne4 Red8 20. Rd2 (20. Nfg5 $5 Ndf4 21. Bxf4 Nxf4 22. Qg4 Bxe4 23. Bxe4 $11) 20... Ndf4 21. Qd1 Rxd2 22. Nfxd2 Rd8 23. Bxf4 Nxf4 24. Qg4 {[%emt 0:00:19] [#]} (24. Qc1 $17 {was the only defense.}) 24... Ng6 (24... Nxg2 $1 $19 {[%mdl 512] and Black stays clearly on top.} 25. Re2 (25. Kxg2 Rxd2) 25... Nh4) 25. Nf3 Qc7 26. Neg5 Bxf3 (26... Qc4 $17) 27. Nxf3 Qc4 28. Qg3 Qb3 29. Kh2 Qxb2 30. h4 Qxa3 ({Less strong is} 30... Bxa3 31. h5 $17) 31. h5 Nf8 32. Qf4 Qb4 33. Be4 $2 (33. Qxb4 {kämpft weiter.} Bxb4 34. Rc1) 33... g6 (33... f5 $142 34. exf6 Bd6) 34. Rb1 Qa5 35. Ng5 (35. g3 {kämpft weiter.}) 35... Bxg5 36. Qxg5 Rd4 37. f3 (37. h6 $142 Nd7 38. Rc1) 37... Qd8 38. Qf4 (38. Qxd8 {is a better defense.} Rxd8 39. Bb7) 38... gxh5 39. Qe3 Ng6 40. Rc1 Rd1 41. Rxd1 Qxd1 42. Qa7 Qd2 43. Bxg6 hxg6 44. Qxa6 Qf4+ 45. Kh1 Qxe5 46. Qc8+ Kg7 47. Qb7 Qb2 48. g4 h4 49. f4 h3 50. g5 b4 51. Qf3 {[%emt 0:00:07] [#]} Qg2+ $19 52. Qxg2 hxg2+ 53. Kg1 b3 54. f5 gxf5 55. g6 Kxg6 56. Kf2 b2 57. Kxg2 b1=Q 58. Kg3 Qc2 59. Kh4 Qh2# 0-1

[Event "FIDE WCCC U10 2018"]
[Site "Santiago de Compostela"]
[Date "2018.11.12"]
[Round "8"]
[White "Razhbadinov, Rasul"]
[Black "Nemsadze, Daviti"]
[Result "0-1"]
[ECO "B34"]
[WhiteElo "1529"]
[BlackElo "1762"]
[Annotator "NA RC"]
[PlyCount "60"]
[EventDate "2018.11.04"]
[EventType "swiss"]
[EventCountry "ESP"]
[SourceTitle "playchess.com"]
[Source "ChessBase"]
[SourceQuality "1"]
[TimeControl "40/5400+30:1800+30"]

1. e4 c5 2. Nf3 Nc6 3. d4 cxd4 4. Nxd4 Nf6 5. Nc3 e5 6. Ndb5 Bb4 7. a3 Bxc3+ 8. Nxc3 O-O 9. Bg5 h6 10. Bh4 d6 11. Nd5 g5 12. Nxf6+ Qxf6 13. Bg3 Qg6 14. f3 f5 15. Bc4+ Kg7 16. Qd3 fxe4 17. fxe4 Bg4 18. h3 Be6 19. O-O-O Nd4 20. c3 Bxc4 21. Qxc4 Qxe4 22. Rxd4 exd4 23. Re1 Rac8 24. Qb3 Qxg2 25. Re7+ Kh8 26. Qe6 Qf1+ 27. Kd2 dxc3+ 28. bxc3 Qf6 29. Qxd6 Qxd6+ 30. Bxd6 Rfd8 {[%emt 0:00:03] Bg3} 0-1

[Event "FIDE WCCC U10 2018"]
[Site "Santiago de Compostela"]
[Date "2018.11.12"]
[Round "8"]
[White "Lyakh, Vasiliy"]
[Black "Todev, Simeon"]
[Result "0-1"]
[ECO "A45"]
[WhiteElo "1363"]
[BlackElo "1767"]
[Annotator "NA RC"]
[PlyCount "132"]
[EventDate "2018.11.04"]
[EventType "swiss"]
[EventCountry "ESP"]
[SourceTitle "playchess.com"]
[Source "ChessBase"]
[SourceQuality "1"]
[TimeControl "40/5400+30:1800+30"]

1. d4 Nf6 2. Bf4 g6 3. e3 Bg7 4. Nf3 d6 5. Be2 O-O 6. h3 c5 7. c3 b6 8. O-O Bb7 9. Nbd2 Nbd7 10. a4 a6 11. Bh2 Ne4 12. Bd3 Nxd2 13. Nxd2 e5 14. Nc4 Qe7 15. Re1 d5 16. Nxe5 Nxe5 17. dxe5 Bxe5 18. Bxe5 Qxe5 19. Be2 Rad8 20. Bf3 Bc8 21. Qb3 Rd6 22. Rad1 Rfd8 23. Qa3 Rf6 24. Be2 Qg5 25. f4 Qg3 26. Bf3 Bxh3 27. Re2 Bg4 28. Bxg4 Qxg4 29. Red2 Qg3 30. c4 d4 31. Qd3 Rfd6 32. exd4 Qxf4 33. d5 Qh4 34. Re2 Rf6 35. Rde1 Rf4 36. b3 Qf6 37. Qe3 Rf5 38. Qe4 Rf8 39. Rd1 Qd6 40. Rd3 Qf6 41. Re1 Qd6 42. Qe3 Rh5 43. Qf3 Qh2+ 44. Kf2 Rf5 45. Qxf5 gxf5 46. d6 Qh4+ 47. Kf1 Rd8 48. d7 Kf8 49. Ree3 Qf4+ 50. Rf3 Qc1+ 51. Kf2 f4 52. Rd6 Qc2+ 53. Kg1 Qf5 54. Rxb6 Rxd7 55. Rxa6 Rd1+ 56. Kh2 Qh5+ 57. Rh3 Qe5 58. Rf3 Rd2 59. Ra8+ Kg7 60. Ra7 Qe2 61. Rxf7+ Kxf7 62. Rxf4+ Ke6 63. Kh3 Qxg2+ 64. Kh4 Qh2+ 65. Kg5 Rg2+ 66. Rg4 Qe5+ 0-1

[Event "FIDE WCCC U10 2018"]
[Site "Santiago de Compostela"]
[Date "2018.11.13"]
[Round "9"]
[White "Royal, Shreyas"]
[Black "Li, Shanglin"]
[Result "1-0"]
[ECO "A40"]
[WhiteElo "2048"]
[BlackElo "1659"]
[Annotator "NA RC"]
[PlyCount "101"]
[EventDate "2018.11.04"]
[EventType "swiss"]
[EventCountry "ESP"]
[SourceTitle "playchess.com"]
[Source "ChessBase"]
[SourceQuality "1"]
[TimeControl "40/5400+30:1800+30"]

1. d4 Nf6 2. c4 e6 3. g3 c5 4. d5 exd5 5. cxd5 b5 6. Bg2 d6 7. a4 b4 {[%emt 0:00:38] A60: Modern Benoni: Early Divergences} 8. Nd2 (8. b3 g6 9. Bb2 Bg7 10. Nf3 O-O 11. O-O Ba6 12. Re1 Re8 13. Qc2 Ne4 {0-1 (32) Kjartansson,G (2457)-Almasi,Z (2682) Stockholm 2016}) 8... g6 9. b3 Bg7 10. Bb2 {[%emt 0:01:46] LiveBook: 3 Games} O-O 11. Nc4 Ba6 12. Nf3 Bxc4 13. bxc4 Nbd7 $146 ({Predecessor:} 13... Ne4 14. Bxg7 Kxg7 15. O-O {½-½ (31) Shumiakina,T (2373)-Alexandrova,O (2445) Istanbul 2003}) 14. Nd2 Re8 15. O-O Qe7 16. Re1 Nh5 17. Bxg7 Nxg7 18. e4 Qf6 19. Qc2 Re7 20. Nb3 Rae8 21. Na5 (21. Rf1 $11) 21... Nb8 22. Qd2 Rc7 23. Rad1 Qd8 24. f4 Rc8 (24... Rce7 $11 25. Nb3 Nd7) 25. Nb3 Qd7 26. Qa2 Qg4 27. Nc1 f5 {[%emt 0:01:34] [#]} (27... g5 $11 {remains equal.}) 28. e5 (28. Nd3 $1 $16) 28... dxe5 29. fxe5 Rxe5 30. Qc2 Nd7 31. Rf1 Rce8 32. Bf3 Qg5 33. Nd3 Re3 34. d6 Qf6 35. Nf4 Qd8 (35... Ne6 $11 36. Bd5 (36. Nd5 Qg5 $11) 36... Kg7 37. Bxe6 R8xe6) 36. Nd5 R3e5 37. Ne7+ R8xe7 $1 38. dxe7 Qxe7 39. Qd2 Nf6 40. Rfe1 Ne4 41. Bxe4 fxe4 42. Qd8+ Qxd8 43. Rxd8+ Kf7 44. Rd7+ Kf6 45. Rxa7 Nf5 46. a5 e3 {[%emt 0:00:12] [#]} (46... Re6 $16) 47. a6 $2 ({But not} 47. Rxh7 $6 Nd4 $16) ({White has to play} 47. Rb7 $1 $18 Re6 48. Kf1 (48. Rxh7 Nd4 $11)) 47... Nd4 48. Kg2 Nc2 49. Re2 Nd4 {[%emt 0:00:11] [#]} 50. Rb7 $1 Nxe2 $18 51. a7 1-0

[Event "FIDE WCCC U10 2018"]
[Site "Santiago de Compostela"]
[Date "2018.11.13"]
[Round "9"]
[White "Materia, Marco"]
[Black "Silva, Daniel Frederico V"]
[Result "1-0"]
[ECO "C47"]
[WhiteElo "2035"]
[BlackElo "1693"]
[Annotator "NA RC"]
[PlyCount "91"]
[EventDate "2018.11.04"]
[EventType "swiss"]
[EventCountry "ESP"]
[SourceTitle "playchess.com"]
[Source "ChessBase"]
[SourceQuality "1"]
[TimeControl "40/5400+30:1800+30"]

1. e4 e5 2. Nf3 Nc6 3. Nc3 Nf6 4. d4 Bb4 5. Nxe5 Qe7 6. Qd3 Nxd4 {[%emt 0:03:27] C47: Scotch Four Knights and Four Knights with 4 g3} 7. Qxd4 Bc5 {[%emt 0:05:25] LiveBook: 6 Games} 8. Qc4 $146 ({Predecessor:} 8. Qd3 Qxe5 9. f4 Qe7 10. Be2 d6 11. Bd2 O-O 12. O-O-O c6 13. h3 b5 14. Bf3 {0-1 (33) Kanmazalp,O (2481)-Triapishko,O (2509) Ankara 2018}) 8... Qxe5 9. f4 Qe7 10. Be2 d6 11. e5 (11. Bf3 $11) 11... dxe5 12. fxe5 Qxe5 13. Bf4 Qd4 ({Better is} 13... Qe7 $15 14. O-O-O Be6) 14. Qxd4 Bxd4 15. Nb5 Bb6 16. Nxc7+ Bxc7 17. Bxc7 O-O 18. O-O Be6 19. Bd3 Rac8 20. Bd6 Rfe8 $1 21. b3 Bd5 22. c4 Be4 23. Bxe4 Rxe4 24. Rfe1 Rce8 25. Kf1 R4e6 26. Rxe6 Rxe6 27. Rd1 h6 28. Bc5 a6 29. Rd8+ Kh7 30. Bd4 Ne4 31. c5 Re7 32. b4 Kg6 33. a4 Nd2+ 34. Kf2 Ne4+ 35. Kg1 f6 36. g3 Kf5 37. Kg2 Nd2 38. Bf2 Re2 39. Rd5+ $1 Ke6 40. Rd6+ {[%emt 0:00:00] [#]} Ke7 $2 (40... Ke5 $1 $17 41. Kg1 {[#]} Rxf2 $1 42. Kxf2 Ne4+ 43. Ke3 Nxd6 44. cxd6 Kxd6) 41. Rb6 Ne4 $2 ({Better is} 41... f5 $14) 42. Rxb7+ Ke6 43. Kf3 Rxf2+ 44. Kxe4 Rxh2 45. Rb6+ Kf7 46. Rxa6 $18 1-0

[Event "FIDE WCCC U10 2018"]
[Site "Santiago de Compostela"]
[Date "2018.11.13"]
[Round "9"]
[White "Volkov, Maksim"]
[Black "Jin Yueheng"]
[Result "1/2-1/2"]
[ECO "B13"]
[WhiteElo "1971"]
[BlackElo "1914"]
[Annotator "NA RC"]
[PlyCount "76"]
[EventDate "2018.11.04"]
[EventType "swiss"]
[EventCountry "ESP"]
[SourceTitle "playchess.com"]
[Source "ChessBase"]
[SourceQuality "1"]
[TimeControl "40/5400+30:1800+30"]

1. e4 c6 2. d4 d5 3. exd5 cxd5 4. Bd3 Nc6 5. c3 Nf6 {LiveBook: 1397 Games} 6. Bf4 Bg4 7. Qb3 Qc8 8. Nd2 e6 9. Ngf3 Be7 10. O-O O-O 11. Rae1 Bh5 12. Qc2 Bg6 13. Bxg6 hxg6 14. Qd3 {[#] B13: Caro-Kann (Abtausch-Variante 4.c4)} Qd8 $146 ({Vorgänger:} 14... a6 15. Ng5 Nh5 16. Qh3 e5 17. dxe5 Qf5 18. g3 d4 19. Ndf3 dxc3 20. bxc3 Qxh3 21. Nxh3 Nxf4 22. Nxf4 {½-½ (77) Inarkiev,E (2686)-Esipenko,A (2587) Sochi 2018}) 15. Ne5 Nh7 16. Bg3 Bf6 17. f4 Ne7 18. Rf3 g5 19. fxg5 Nxg5 20. Rf2 Nf5 21. Bf4 Nd6 22. Rfe2 Nge4 23. Ndf3 Be7 24. g4 Ng5 25. Kg2 (25. Bxg5 $16 Bxg5 26. h4 (26. Nxg5 Qxg5 27. Qe3 Qxe3+ 28. Rxe3 Rac8 $11)) 25... Nxf3 26. Qxf3 Ne4 27. Rh1 Bh4 28. Bg3 g6 29. Rf1 Bxg3 30. hxg3 Kg7 31. Nd3 b5 (31... Qg5 $11 {keeps the balance.}) 32. Qf4 Qe7 33. Ne5 (33. Nc5 $16) 33... f6 34. Nd3 g5 35. Qe3 Rac8 36. Rh1 Rh8 37. Ree1 Rxh1 $11 38. Rxh1 Rh8 1/2-1/2

[Event "FIDE WCCC U10 2018"]
[Site "Santiago de Compostela"]
[Date "2018.11.13"]
[Round "9"]
[White "Zhao, Erick"]
[Black "Pingin, Artem"]
[Result "1/2-1/2"]
[ECO "B50"]
[WhiteElo "1957"]
[BlackElo "1981"]
[Annotator "NA RC"]
[PlyCount "172"]
[EventDate "2018.11.04"]
[EventType "swiss"]
[EventCountry "ESP"]
[SourceTitle "playchess.com"]
[Source "ChessBase"]
[SourceQuality "1"]
[TimeControl "40/5400+30:1800+30"]

1. e4 c5 2. Nf3 d6 3. c3 Nf6 4. Be2 Nc6 5. d3 e6 6. O-O Be7 {LiveBook: 31 Games} 7. h3 {B50: Sicilian: 2...d6, Miscellaneous} O-O 8. Bf4 Qc7 $146 ({Predecessor:} 8... e5 9. Bh2 Rb8 10. a4 Ne8 11. Na3 f5 12. exf5 Bxf5 {1-0 (52) Korovnik,I (2318)-Mora,E (2176) ICCF email 2008}) 9. Nbd2 e5 10. Bh2 Ne8 11. Ne1 Bg5 12. Nc2 Be6 13. Nf3 Be7 14. d4 cxd4 15. cxd4 exd4 16. Ncxd4 Nxd4 17. Nxd4 Qb6 18. Qd2 Nf6 19. Bf3 Rad8 20. Rac1 Rd7 21. Rfd1 Rfd8 22. Qc2 Bf8 23. Nxe6 fxe6 24. e5 dxe5 25. Bxe5 Nd5 {[#]} ({Black should try} 25... Rxd1+ $1 $14 26. Rxd1 Rxd1+ 27. Qxd1 Qa5) 26. Bg4 $2 ({White should play} 26. Bd4 $1 $16 Qa6 27. Qe4) 26... Rf7 27. Bd4 Qa6 28. Qe4 Nf6 29. Bxf6 Rxd1+ 30. Rxd1 Rxf6 31. Bf3 b5 32. Qc6 Qa4 33. b3 Qxa2 34. Qxb5 Qc2 35. Qd3 Qxd3 36. Rxd3 a5 37. Kf1 Bb4 38. Be4 h6 39. f3 Rf8 40. Rd1 Kf7 41. Bd3 Kf6 42. Bc4 Rc8 43. Rd4 Bc3 44. Rf4+ Ke7 45. Re4 e5 46. f4 Rf8 47. g3 g5 48. Ke2 gxf4 49. gxf4 Rxf4 50. Rxf4 exf4 51. Kf3 Bd2 52. Bg8 Kf6 53. Bd5 Ke5 54. Bc4 Bc1 55. Bf7 Kd4 56. Bg8 Kc3 57. Bf7 Be3 58. Bg8 Kd2 59. Bf7 Ke1 60. Bg8 Kd1 61. Bf7 Kc2 62. Bg8 Kd3 63. Bc4+ Kd4 64. Bg8 Ke5 65. Bc4 Kf5 66. Bg8 Kg5 67. Be6 Kh4 68. Bc8 h5 69. Bf5 Kg5 70. Be6 h4 71. Bc4 Kf5 72. Bg8 Ke5 73. Bf7 Kd4 74. Be6 Kc3 75. Bf7 Kb4 76. Bg8 Ka3 77. Bf7 Bc1 78. Bg8 Kb4 79. Bf7 a4 80. bxa4 Kxa4 81. Be6 Kb5 82. Bd5 Kc5 83. Bb7 Kd4 84. Kg4 Ke3 85. Kxh4 f3 {[#]} 86. Bxf3 $11 Kxf3 1/2-1/2